 Dungeon Crawl Stone Soup version 0.31.0-11-ge490571c62 (webtiles) character file.

Game seed: 10991555018249201296

174 qw the Shooter (level 5, -3/27 HPs)
             Began as a Spriggan Hunter on Feb 4, 2024.
             Slain by a kobold brigand
             ... wielding a +0 whip
              (7 damage)
             ... in a sewer.
             The game lasted 00:00:07 (2005 turns).

qw the Shooter (Spriggan Hunter)                    Turns: 2005, Time: 00:00:08

Health: -3/27      AC:  2    Str:  7    XL:     5   Next: 28%
Magic:  6/6        EV: 20    Int: 11    God:
Gold:   123        SH:  0    Dex: 20    Spells: 4/4 levels left

rFire   . . .        a - +0 shortbow
rCold   . . .        (shield currently unavailable)
rNeg    . . .        c - +0 robe
rPois   .            (helmet restricted)
rElec   .            (no cloak)
rCorr   .            (gloves unavailable)
SInv    +            (boots unavailable)
Will    .....        (no amulet)
Stlth   +            (no ring)
HPRegen 0.24/turn    (no ring)
MPRegen 0.10/turn

%: no passive effects
@: slow
A: very small, no large weapons, unfitting armour, see invisible, speed 3
a: no special abilities


You were in a sewer.
You visited 1 branch of the dungeon, and saw 3 of its levels.
You also visited: Sewer.

You collected 123 gold pieces.


Innate Abilities, Weirdness & Mutations

You are very small and have problems with some larger weapons.
You are too small for most types of armour.
You have supernaturally acute eyesight. (SInv)
You cover ground extremely quickly. (Speed+++)


   Skills:
 - Level 2.7 Fighting
 + Level 5.0 Ranged Weapons
 - Level 5.0 Dodging
 - Level 1.5 Stealth


You had 4 spell levels left.
You didn't know any spells.
Your spell library was empty.

Inventory:

Hand Weapons
 a - a +0 shortbow (weapon)
Armour
 c - a +0 robe (worn)
Jewellery
 d - a ring of fire
Scrolls
 f - a scroll of amnesia {unknown}
Potions
 b - a potion of magic {unknown}
 e - a potion of experience {unknown}

Dungeon Overview and Level Annotations

Branches:
Dungeon (3/15)              Sewer (1/1)

Altars:

Shops:
D:2 [


Message History

A nearby plant withers and dies.
The kobold hits you with a +0 short sword.
The kobold brigand hits you but does no damage.
You shoot an arrow.
The arrow hits the kobold brigand but does no damage.
The kobold brigand is heavily wounded.
The kobold completely misses you. The kobold brigand barely misses you.
You shoot an arrow. The arrow hits the kobold brigand!
The kobold brigand is severely wounded.
The kobold misses you.
The kobold brigand hits you with a +0 whip.
You shoot an arrow.
The arrow barely misses the kobold brigand.
The kobold misses you.
The kobold brigand hits you with a +0 whip.
You shoot an arrow.
The arrow hits the kobold brigand but does no damage.
The kobold brigand is severely wounded.
The kobold misses you. The kobold brigand barely misses you.
You shoot an arrow. The arrow hits the kobold brigand.
The kobold brigand is almost dead.
The kobold hits you but does no damage. The kobold brigand misses you.
The kobold brigand hits you with a +0 whip.
The kobold hits you with a +0 short sword.
You shoot an arrow.
The arrow closely misses the kobold brigand.
The kobold closely misses you. The kobold brigand closely misses you.
You shoot an arrow.
The arrow barely misses the kobold brigand.
The kobold hits you with a +0 short sword.
The kobold brigand misses you.
You shoot an arrow.
The arrow closely misses the kobold brigand.
The kobold hits you but does no damage. The kobold brigand closely misses you.
You shoot an arrow.
The arrow hits the kobold brigand but does no damage.
The kobold brigand is almost dead.
The kobold misses you.
The kobold brigand hits you with a +0 whip!
You die...

###...~~#~~~~~~~.....#
##..~~#~~~#~~~.....#
##....#~~~#P~~....##
#.....#~~~#~......#
#.....#~~~#P......#
#..~~P#~~~#.......#
#...~~#~~~#~.~...##
#..~~~#~~~#~~~...#
#..@~~~~~~#~~..###
###KK##~~~##))##
....#~~~#....# #....#
###....# #.?\.# #.\[.#
#..!.# #....# ######
######


You could see a kobold brigand and a kobold.

Vanquished Creatures
  A kobold brigand (Sewer)
  Jessica (D:2)
  An adder (D:3)
  2 ribbon worms (D:3)
  4 bats
  3 endoplasms
  5 giant cockroaches
  4 goblins
  5 hobgoblins
  10 kobolds
  5 quokkas
  10 ball pythons
  6 frilled lizards
  4 rats
61 creatures vanquished.

Notes
Turn   | Place    | Note
-------+----------+-------------------------------------------
     0 | D:1      | qw the Spriggan Hunter began the quest for the Orb.
     0 | D:1      | Reached XP level 1. HP: 10/10 MP: 2/2
     0 | D:1      | 0 ||| qw: Version: 0.3-a-160-g6735b56
     0 | D:1      | 0 ||| qw: Game counter: 5308
     0 | D:1      | 0 ||| qw: Melee chars always use a shield: true
     0 | D:1      | 0 ||| qw: God list: Okawaru
     0 | D:1      | 0 ||| qw: Allow faded altars: false
     0 | D:1      | 0 ||| qw: Do Orc after clearing Dungeon:15 true
     0 | D:1      | 0 ||| qw: Do second Lair branch before Depths: true
     0 | D:1      | 0 ||| qw: Lair rune preference: random
     0 | D:1      | 0 ||| qw: Goals: Normal
     0 | D:1      | 0 ||| PLANNING D:1-11
    42 | D:1      | Reached skill level 3 in Dodging
    71 | D:1      | Reached XP level 2. HP: 14/14 MP: 3/3
   672 | D:1      | Reached XP level 3. HP: 18/18 MP: 4/4
   840 | D:1      | 840 ||| READING scroll labelled HOSEUM HUSOVOI.
   841 | D:1      | 841 ||| DRINKING 2 golden potions.
   842 | D:1      | 842 ||| DROPPING scroll of butterflies.
   843 | D:1      | 843 ||| DROPPING potion of brilliance.
   964 | D:2      | Noticed Jessica
   972 | D:2      | Killed Jessica
  1180 | D:2      | Found Ogosofecw's Antique Armour Shoppe.
  1191 | D:2      | 1191 ||| SHOPLISTING ancient robe (136 gold, have 108).
  1349 | D:2      | 1349 ||| DRINKING 2 viscous amethyst potions.
  1350 | D:2      | 1350 ||| DRINKING sedimented emerald potion.
  1359 | D:2      | 1359 ||| DROPPING potion of ambrosia.
  1385 | D:3      | 1385 ||| PLANNING SEWER
  1405 | D:3      | Reached XP level 4. HP: 22/22 MP: 5/5
  1655 | D:3      | Found a glowing drain.
  1656 | D:3      | 1656 ||| READING scroll labelled JAN YG NIMUTU.
  1661 | D:3      | 1661 ||| Stepping randomly (stuck).
  1662 | D:3      | 1662 ||| Stepping randomly (stuck).
  1663 | D:3      | 1663 ||| Stepping randomly (stuck).
  1664 | D:3      | 1664 ||| Stepping randomly (stuck).
  1664 | D:3      | Found a faded altar of an unknown god.
  1665 | D:3      | 1665 ||| Stepping randomly (stuck).
  1666 | D:3      | 1666 ||| Stepping randomly (stuck).
  1667 | D:3      | 1667 ||| Stepping randomly (stuck).
  1668 | D:3      | 1668 ||| Stepping randomly (stuck).
  1674 | D:3      | 1674 ||| Stepping randomly (stuck).
  1675 | D:3      | 1675 ||| Stepping randomly (stuck).
  1676 | D:3      | 1676 ||| Stepping randomly (stuck).
  1677 | D:3      | 1677 ||| Stepping randomly (stuck).
  1678 | D:3      | 1678 ||| Stepping randomly (stuck).
  1679 | D:3      | 1679 ||| Stepping randomly (stuck).
  1680 | D:3      | 1680 ||| Stepping randomly (stuck).
  1681 | D:3      | 1681 ||| Stepping randomly (stuck).
  1682 | D:3      | 1682 ||| Stepping randomly (stuck).
  1683 | D:3      | 1683 ||| Stepping randomly (stuck).
  1684 | D:3      | 1684 ||| Stepping randomly (stuck).
  1685 | D:3      | 1685 ||| Stepping randomly (stuck).
  1686 | D:3      | 1686 ||| Stepping randomly (stuck).
  1687 | D:3      | 1687 ||| Stepping randomly (stuck).
  1688 | D:3      | 1688 ||| Stepping randomly (stuck).
  1689 | D:3      | 1689 ||| Stepping randomly (stuck).
  1690 | D:3      | 1690 ||| Stepping randomly (stuck).
  1691 | D:3      | 1691 ||| Stepping randomly (stuck).
  1692 | D:3      | 1692 ||| Stepping randomly (stuck).
  1693 | D:3      | 1693 ||| Stepping randomly (stuck).
  1694 | D:3      | 1694 ||| Stepping randomly (stuck).
  1756 | Sewer    | Entered a sewer
  1855 | Sewer    | Noticed a kobold brigand
  1870 | Sewer    | Killed a kobold brigand
  1871 | Sewer    | Reached XP level 5. HP: 8/27 MP: 6/6
  2001 | Sewer    | HP: 6/27 [kobold/+0 short sword (2)]
  2005 | Sewer    | Slain by a kobold brigand

Levels and vault maps discovered:
D:1:      saegor_arrival_fortress, layout_loops_ring
D:2:      layout_rooms, serial_shops, shop, serial_curves, eino_curves_01,
          eino_curves_03, uniq_jessica
D:3:      cheibrodos_greedy_goblins, layout_loops_corners,
          nemelex_diamond_rough_becter, cheibrodos_sewer_entry_bend,
          hellmonk_ecumenical_altar_run_dry
Sewer:    kennysheep_pipe_town

Skill      XL: |  1  2  3  4 |
---------------+-------------+-----
Dodging        | 3 4 5 |  5.0
Ranged Weapons | 5 |  5.0
Fighting       | 2 |  2.7
Stealth        | |  1.5

Action                     |  1- 3 |  4- 6 || total
---------------------------+-------+-------++-------
   Fire: Shortbow          |    91 |    75 ||   166
    Use: Potion            |     3 |       ||     3
         Scroll            |     1 |     1 ||     2
 Armour: Robe              |     9 |    25 ||    34
  Dodge: Dodged            |    16 |    49 ||    65

Table legend:
 A = Non-vault XP
 B = Vault XP
 C = Vault XP percentage of total XP
 D = Non-vault monster count
 E = Vault monster count
 F = Vault count percentage of total count
                 A         B        C        D         E       F
            +---------+---------+-------+---------+---------+-------
      Total |      84 |     165 |  66.3 |      44 |      17 |  27.9
            +---------+---------+-------+---------+---------+-------
        D:1 |      43 |       0 |   0.0 |      25 |       0 |   0.0
        D:2 |      14 |      37 |  72.5 |       9 |       1 |  10.0
        D:3 |      27 |       9 |  25.0 |      10 |       2 |  16.7
      Sewer |       0 |     119 | 100.0 |       0 |      14 | 100.0
            +---------+---------+-------+---------+---------+-------
